 Dungeon Crawl Stone Soup version 0.27.0-1-g7a089689b8 (webtiles) character file.

Game seed: 9543771736690326318

91 inmateoo the Insei (level 4, -4/29 HPs)
             Began as an Octopode Transmuter on Aug 2, 2021.
             Killed by nerve-wracking pain
             ... invoked by an orc priest
              (7 damage)
             ... on level 3 of the Dungeon.
             The game lasted 00:02:33 (1986 turns).

inmateoo the Insei (Octopode Transmuter)            Turns: 1986, Time: 00:02:34

Health: -4/29      AC:  1    Str:  9    XL:     4   Next: 57%
Magic:  2/7        EV: 13    Int: 16    God:
Gold:   92         SH:  0    Dex: 12    Spells: 1/7 levels left

rFire    . . .     SeeInvis .     - Unarmed
rCold    . . .     Faith    .   (no shield)
rNeg     . . .     Spirit   .   (helmet currently unavailable)
rPois    .         Reflect  .   (no amulet)
rElec    .         Harm     .   (no ring)
rCorr    .         Rampage  .   (no ring)
Will     .....                  (no ring)
Stlth    ++........             (no ring)
HPRegen  0.09/turn              (no ring)
MPRegen  0.10/turn              (no ring)
                                (no ring)
                                (no ring)

@: appendages, very slightly contaminated
A: tentacle spike 3, almost no armour, amphibious, 8 rings, camouflage 1,
gelatinous body 1, (nimble swimmer 1), tentacles
a: End Transformation


You were on level 3 of the Dungeon.
One of your tentacles had grown a beastly spike.
You visited 1 branch of the dungeon, and saw 3 of its levels.

You collected 92 gold pieces.

Inventory:

Jewellery
 c - an amulet of guardian spirit
Scrolls
 a - 2 scrolls of vulnerability
Potions
 f - a potion of curing


   Skills:
 + Level 1.8 Fighting
 + Level 2.6 Dodging
 * Level 3.9 Unarmed Combat
 + Level 2.4 Spellcasting
 + Level 2.4 Transmutations


You had one spell level left.
You knew the following spells:

 Your Spells              Type           Power      Damage    Failure   Level
a - Beastly Appendage     Tmut           18%        N/A       7%          1
b - Wereblood             Tmut           9%         N/A       11%         2
c - Spider Form           Tmut/Pois      2%         N/A       34%         3

Your spell library contained the following spells:

 Spells                   Type           Power      Damage    Failure   Level
 Ice Form                 Ice/Tmut       5%         N/A       75%         4


Dungeon Overview and Level Annotations

Branches:
Dungeon (3/15)

Altars:


Innate Abilities, Weirdness & Mutations

One of your tentacles has grown a beastly spike.
You cannot wear most types of armour.
You are amphibious.
You can wear up to eight rings at the same time.
Your skin changes colour to match your surroundings (Stealth+).
Your rubbery body absorbs attacks. (AC +1, EV +1)
((You are camouflaged near water. (Stealth+)))
You have tentacles for arms and can constrict up to eight enemies at once.


Message History

You constrict the orc priest, but do no damage.
The orc priest hits you with a +0 flail!
You tentacle-slap the orc priest but do no damage.
The orc priest is moderately wounded.
You constrict the orc priest.
The orc priest hits you with a +0 flail.
* * * LOW HITPOINT WARNING * * *
The orc priest calls upon Beogh to heal the orc priest.
The orc priest's wounds heal themselves!
You feel much better.
You constrict the orc priest, but do no damage.
The orc priest hits you with a +0 flail!
Casting: Wereblood (safe; 11% risk of failure)
Confirm with . or Enter, or press ? or * to list all spells.
One of your tentacles grows a vicious spike.
You constrict the orc priest.
The orc priest hits you with a +0 flail.
You tentacle-slap the orc priest.
Your tentacle spike misses the orc priest.
You tentacle-slap the orc priest, but do no damage.
The orc priest is moderately wounded.
Your primal bloodlust has ended.
You constrict the orc priest. The orc priest misses you.
The orc priest miscasts a cantrip.
You tentacle-slap the orc priest but do no damage.
The orc priest is moderately wounded.
You constrict the orc priest. The orc priest misses you.
The orc priest looks satisfied for a moment.
You tentacle-slap the orc priest.
The orc priest is severely wounded.
You constrict the orc priest. The orc priest closely misses you.
The orc priest mumbles some strange prayers to Beogh against you.
Beogh smites you!
* * * LOW HITPOINT WARNING * * *
You tentacle-slap the orc priest but do no damage.
You pierce the orc priest.
You kill the orc priest!
The orc priest calls down the wrath of Beogh upon you.
Pain shoots through your body!
You die...

#.###.##.# #.#
#.##.##
######.###.##...
#...............
#.####.########.
###.####.# ##
#.o......#
#)#.###### #@#.#
#.#.. #.#### #.#
####.# #....#
#.#### #.# #)#


You could see an orc priest.

Vanquished Creatures
  2 orc priests (D:3)
  An adder (D:2)
  A worm (D:2)
  A dart slug (D:2)
  2 orcs (D:3)
  5 ball pythons (D:1)
  6 endoplasms
  3 goblins
  4 hobgoblins
  4 jackals (D:1)
  3 kobolds
  2 quokkas (D:1)
  5 bats
  4 frilled lizards (D:1)
  2 rats (D:1)
45 creatures vanquished.

Notes
Turn   | Place    | Note
-------+----------+-------------------------------------------
     0 | D:1      | inmateoo the Octopode Transmuter began the quest for the
                  | Orb.
     0 | D:1      | Reached XP level 1. HP: 13/13 MP: 3/3
   100 | D:1      | Reached XP level 2. HP: 15/18 MP: 3/5
   134 | D:1      | Learned a level 2 spell: Wereblood
   500 | D:1      | Reached XP level 3. HP: 23/23 MP: 2/6
   516 | D:1      | Learned a level 3 spell: Spider Form
   609 | D:1      | Found a faded altar of an unknown god.
  1553 | D:3      | Reached XP level 4. HP: 26/29 MP: 3/7
  1986 | D:3      | Killed from afar by an orc priest

Illustrated notes

Levels and vault maps discovered:
D:1:      dpeg_arrival_rhombus, layout_loops_ring, ebering_ecumenical_altar_rust
D:2:      layout_rooms
D:3:      layout_loops_ring, kennysheep_cross_bottleneck, uniq_natasha

Action                   |  1- 3 |  4- 6 || total
-------------------------+-------+-------++-------
Melee: Unarmed           |    71 |    18 ||    89
       Tentacles         |    15 |     1 ||    16
       Constrict         |    19 |     6 ||    25
       Kick              |    16 |     2 ||    18
       Punch             |       |     2 ||     2
 Cast: Beastly Appendage |    18 |     4 ||    22
       Wereblood         |    11 |     3 ||    14
  Use: Scroll            |     5 |       ||     5
       Potion            |       |     1 ||     1
 Stab: Sleeping          |     6 |       ||     6
Armor: Skin              |     5 |     4 ||     9
Dodge: Dodged            |    33 |    12 ||    45
